 Dungeon Crawl Stone Soup version 0.27-a0-1230-gfc7c993222 (webtiles) character file.

Game seed: 8738689120499222009

177 Feb132020 the Magician (level 5, -1/24 HPs)
             Began as a Spriggan Earth Elementalist on June 8, 2021.
             Was a Follower of Nemelex Xobeh.
             Slain by an orc priest
             ... wielding a +0 club
              (3 damage)
             ... on level 4 of the Dungeon.
             The game lasted 00:17:43 (4389 turns).

Feb132020 the Magician (SpEE)                       Turns: 4389, Time: 00:17:45

Health: -1/24      AC:  2    Str:  5    XL:     5   Next: 31%
Magic:  7/12       EV: 18    Int: 16    God:    Nemelex Xobeh [*.....]
Gold:   186        SH:  0    Dex: 16    Spells: 3/13 levels left

rFire    . . .     SeeInvis +   j - +0 dagger
rCold    + . .     Faith    .   (shield restricted)
rNeg     . . .     Spirit   .   c - +0 robe
rPois    .         Reflect  .   (helmet restricted)
rElec    .         Harm     .   (no cloak)
rCorr    .         Rampage  .   (gloves unavailable)
Will     .....                  (boots unavailable)
Stlth    +++.......             (no amulet)
HPRegen  0.08/turn              e - ring of protection from cold
MPRegen  0.13/turn              (no ring)

@: very quick
A: very small, no large weapons, unfitting armour, see invisible, speed 3
a: Renounce Religion, Draw Escape, Draw Destruction, Draw Summoning


You were on level 4 of the Dungeon.
You worshipped Nemelex Xobeh.
Nemelex Xobeh was aware of your devotion.
You visited 1 branch of the dungeon, and saw 4 of its levels.

You collected 186 gold pieces.

Inventory:

Hand Weapons
 j - a +0 dagger (weapon)
 m - a +1 vorpal hunting sling
Missiles
 b - 125 stones
Armour
 c - a +0 robe (worn)
 f - a +0 hat
 k - a +2 buckler
Magical Staves
 i - a staff of poison
Jewellery
 e - a ring of protection from cold (left hand)
Scrolls
 h - a scroll of magic mapping {unknown}
 n - a scroll of noise {unknown}
 o - 2 scrolls of blinking {unknown}
 p - a scroll of fear {unknown}
Potions
 a - 2 potions of curing
 d - a potion of invisibility {unknown}
 g - 2 potions of flight {unknown}
 l - a potion of ambrosia {unknown}


   Skills:
 + Level 1.0 Short Blades
 + Level 3.4 Dodging
 + Level 3.9 Stealth
 * Level 4.6 Spellcasting
 * Level 2.0 Transmutations
 * Level 3.8 Earth Magic


You had 3 spell levels left.
You knew the following spells:

 Your Spells              Type           Power      Damage    Failure   Level
a - Sandblast             Erth           32%        2d9       3%          1
b - Stone Arrow           Conj/Erth      18%        3d8       22%         3
c - Petrify               Tmut/Erth      13%        N/A       43%         4
p - Passwall              Tmut/Erth      10%        N/A       8%          2

Your spell library contained the following spells:

 Spells                   Type           Power      Damage    Failure   Level
 Lee's Rapid Deconstruct  Erth           8%         3d8*      65%         5


Dungeon Overview and Level Annotations

Branches:
Dungeon (4/15)
 Temple: D:4-7

Altars:
Nemelex Xobeh

Shops:
D:1 =

Annotations:
D:2 Terence


Innate Abilities, Weirdness & Mutations

You are very small and have problems with some larger weapons.
You are too small for most types of armour.
You have supernaturally acute eyesight. (SInv)
You cover ground extremely quickly. (Speed+++)


Message History

The orc priest is almost dead.
The orc closely misses you. The orc priest completely misses you.
Casting: Sandblast (safe; 3% risk of failure)
Confirm with . or Enter, or press ? or * to list all spells.
Aiming: Sandblast (safe; 3% risk of failure)
Press: ? - help, Shift-Dir - straight line, f/p - orc priest
Aim: an orc priest, wielding a +0 club and wearing a +0 chain mail (almost dead, 85% to hit)
The blast of sand hits the orc priest but does no damage.
The orc priest is almost dead.
The orc hits you with a +0 dagger. The orc priest closely misses you.
Casting: Sandblast (safe; 3% risk of failure)
Confirm with . or Enter, or press ? or * to list all spells.
Aiming: Sandblast (safe; 3% risk of failure)
Press: ? - help, Shift-Dir - straight line, f/p - orc priest
Aim: an orc priest, wielding a +0 club and wearing a +0 chain mail (almost dead, 85% to hit)
The blast of sand hits the orc priest but does no damage.
The orc priest is almost dead.
The orc closely misses you. The orc priest closely misses you.
Casting: Sandblast (safe; 3% risk of failure)
Confirm with . or Enter, or press ? or * to list all spells.
Aiming: Sandblast (safe; 3% risk of failure)
Press: ? - help, Shift-Dir - straight line, f/p - orc priest
Aim: an orc priest, wielding a +0 club and wearing a +0 chain mail (almost dead, 85% to hit)
The blast of sand hits the orc priest but does no damage.
The orc priest is almost dead.
The orc barely misses you.
The orc priest invokes the aid of Beogh against you.
Pain shoots through your body!
* * * LOW HITPOINT WARNING * * *
The orc priest completely misses you.
Casting: Sandblast (safe; 3% risk of failure)
Confirm with . or Enter, or press ? or * to list all spells.
Aiming: Sandblast (safe; 3% risk of failure)
Press: ? - help, Shift-Dir - straight line, f/p - orc priest
Aim: an orc priest, wielding a +0 club and wearing a +0 chain mail (almost dead, 85% to hit)
The blast of sand hits the orc priest but does no damage.
The orc priest is almost dead.
The orc completely misses you. The orc priest hits you with a +0 club.
You die...
Your body disappears without a glow.

#.#.#.#.###
######
.#.#.#.#..#
#.#.#.#.#.#
.#.#.#.#..#
########+########
...$.........#
.............#
.............#
.......@o)...#
........o....#
...###+######## .


You could see an orc priest and an orc.

Vanquished Creatures
  Jessica (D:2)
  6 gnolls
  3 adders
  A worm (D:3)
  2 dart slugs
  3 orcs
  4 bats
  5 endoplasms
  3 giant cockroaches
  2 goblins
  4 hobgoblins
  3 jackals (D:1)
  4 kobolds
  5 quokkas
  3 ball pythons
  2 frilled lizards
  6 rats
57 creatures vanquished.

Notes
Turn   | Place    | Note
-------+----------+-------------------------------------------
     0 | D:1      | Feb132020 the Spriggan Earth Elementalist began the quest
                  | for the Orb.
     0 | D:1      | Reached XP level 1. HP: 9/9 MP: 5/5
   340 | D:1      | Reached XP level 2. HP: 13/13 MP: 2/6
   395 | D:1      | Reached skill level 3 in Spellcasting
   398 | D:1      | Learned a level 2 spell: Passwall
   523 | D:1      | Found Mokyvur's Jewellery Emporium.
   849 | D:1      | Found a faded altar of an unknown god.
   851 | D:1      | Became a worshipper of Nemelex Xobeh the Trickster
   851 | D:1      | Reached * piety under Nemelex Xobeh
   851 | D:1      | Received a gift from Nemelex Xobeh
  1653 | D:2      | Noticed Jessica
  1680 | D:2      | Reached XP level 3. HP: 16/16 MP: 8/8
  1786 | D:2      | Noticed Terence
  2210 | D:2      | Killed Jessica
  2530 | D:2      | Reached skill level 1 in Short Blades
  2530 | D:2      | Reached XP level 4. HP: 21/21 MP: 6/10
  2544 | D:2      | Learned a level 3 spell: Stone Arrow
  2800 | D:2      | Reached skill level 4 in Spellcasting
  3000 | D:3      | Received a gift from Nemelex Xobeh
  3365 | D:3      | Reached XP level 5. HP: 14/24 MP: 10/12
  3370 | D:3      | Learned a level 4 spell: Petrify
  4389 | D:4      | Slain by an orc priest

Illustrated notes

Levels and vault maps discovered:
D:1:      psy_arrival_dodecagon, layout_basic, chequers_ecumenical_altar_twisty,
          serial_shops, nicolae_shop_crystal, st_stairs_4, minmay_tromino_v4_c
D:2:      layout_rooms, grunt_ministairs_13, uniq_jessica, uniq_terence
D:3:      layout_basic
D:4:      layout_basic, minmay_temple_entry_trees, serial_shops,
          kennysheep_little_box, uniq_robin

Skill      XL: |  1  2  3  4  5 |
---------------+----------------+-----
Earth Magic    | 3 |  3.8
Spellcasting   | 3 4 |  4.6
Dodging        | 3 |  3.4
Short Blades   | 1 |  1.0
Transmutations | 2 |  2.0
Stealth        | |  3.9

Action                   |  1- 3 |  4- 6 || total
-------------------------+-------+-------++-------
Melee: Dagger            |    76 |    82 ||   158
 Cast: Sandblast         |    39 |    29 ||    68
       Passwall          |     8 |     4 ||    12
  Use: Scroll            |       |     2 ||     2
 Stab: Sleeping          |     7 |     7 ||    14
Armor: Robe              |     6 |     4 ||    10
Dodge: Dodged            |    68 |    71 ||   139

Table legend: (Time is in decaauts)
 A = Elapsed time spent in this place.
 B = Non-inter-level travel time spent in this place.
 C = Inter-level travel time spent in this place.
 D = Time resting spent in this place.
 E = Time spent auto-exploring this place.
 F = Levels seen in this place.
 G = Mean time per level.
                   A        B        C        D        E       F      G
               +--------+--------+--------+--------+--------+-----+--------+
         Total |   3540 |   3469 |     71 |    149 |   2793 |   4 |  885.0 |
       Dungeon |   3540 |   3469 |     71 |    149 |   2793 |   4 |  885.0 |
               +--------+--------+--------+--------+--------+-----+--------+

Top non-repeatable levels by time:
     D:2: 1540 daAuts
     D:3: 1076 daAuts
     D:1: 800 daAuts
     D:4: 122 daAuts
